 Dungeon Crawl Stone Soup version 0.25.1-2-g60ff931df9 (webtiles) character file.

Game seed: 17633791151921750700

2606 DearestLeader the Geomancer (level 9, 0/45 HPs)
             Began as a Gargoyle Earth Elementalist on Oct 16, 2020.
             Was an Initiate of Vehumet.
             Slain by an orc warrior
             ... wielding a cursed -3 flail
              (9 damage)
             ... on level 6 of the Dungeon.
             The game lasted 00:14:04 (7448 turns).

DearestLeader the Geomancer (GrEE)                  Turns: 7448, Time: 00:14:05

Health: 0/45       AC: 10    Str: 11    XL:     9   Next: 59%
Magic:  8/17       EV: 12    Int: 20    God:    Vehumet [......]
Gold:   286        SH:  5    Dex: 10    Spells: 4/18 levels left

rFire    . . .     SeeInvis .   A - +1 whip (freeze)
rCold    + . .     Gourm    .   (no shield)
rNeg     + + .     Faith    .   c - +0 robe
rPois    ∞         Spirit   .   x - +0 helmet
rElec    +         Reflect  +   g - scarf {+Inv}
rCorr    .         Harm     .   (no gloves)
MR       .....                  m - +0 pair of boots
Stlth    ++........             s - amulet of reflection
HPRegen  0.15/turn              h - ring of positive energy
MPRegen  0.15/turn              n - ring of protection from cold

@: mighty
A: negative energy resistance 1, electricity resistance, unbreathing,
petrification resistance, rot immunity, AC +6
a: Renounce Religion, Evoke Invisibility


You were on level 6 of the Dungeon.
You worshipped Vehumet.
Vehumet was noncommittal.
You were not hungry.

You visited 1 branch of the dungeon, and saw 6 of its levels.

You collected 286 gold pieces.

Inventory:

Hand Weapons
 e - a +0 dagger
 A - a +1 whip of freezing (weapon)
Missiles
 b - 72 stones (quivered)
Armour
 c - a +0 robe (worn)
 g - a scarf of invisibility (worn)
 m - a +0 pair of boots (worn)
 x - a +0 helmet (worn)
Jewellery
 h - a ring of positive energy (left hand)
 j - a cursed -4 ring of evasion {unknown}
 n - a ring of protection from cold (right hand)
 o - an uncursed ring of wizardry {unknown}
 s - an amulet of reflection (around neck)
 w - a cursed -4 ring of protection {unknown}
 y - a cursed ring of teleportation {unknown}
Wands
 l - a wand of iceblast (10)
 r - a wand of paralysis (5)
 C - a wand of random effects (14)
Scrolls
 f - 3 scrolls of enchant armour
 i - 3 scrolls of remove curse
 p - a scroll of blinking {unknown}
 u - 2 scrolls of identify
 v - a scroll of immolation {unknown}
Potions
 a - a potion of might
 k - a potion of curing
 q - a potion of haste
 t - a potion of brilliance
 z - a potion of mutation {unknown}
 D - a potion of degeneration {unknown}
Comestibles
 d - 10 rations


   Skills:
 - Level 1.5 Dodging
 - Level 2.1 Stealth
 + Level 5.4 Spellcasting
 + Level 8.0 Conjurations
 - Level 0.7 Transmutations
 * Level 10.5 Earth Magic
 - Level 2.1 Poison Magic


You had 4 spell levels left.
You knew the following spells:

 Your Spells              Type           Power        Failure   Level  Hunger
a - Sandblast             Erth           #####.       1%          1    None
b - Passwall              Tmut/Erth      ####....     1%          2    None
c - Stone Arrow           Conj/Erth      #####.       1%          3    ##.....
d - Mephitic Cloud        Conj/Pois/Air  ###.....     9%          3    ##.....
e - Lee's Rapid Deconstr  Erth           #####.....   4%          5    #####..

Your spell library contained the following spells:

 Spells                   Type           Power        Failure   Level  Hunger
 Magic Dart               Conj           ####         1%          1    None
 Conjure Flame            Conj/Fire      ###.....     6%          3    ##.....
 Infusion                 Chrm           #...         11%         1    None
 Petrify                  Tmut/Erth      ####....     11%         4    ####...
 Blink                    Tloc           N/A          17%         2    None
 Call Imp                 Summ           #.......     17%         2    None
 Shroud of Golubria       Chrm/Tloc      #.....       17%         2    None
 Slow                     Hex            #.......     17%         2    None
 Song of Slaying          Chrm           #.......     17%         2    None
 Ozocubu's Armour         Chrm/Ice       #.......     32%         3    ##.....
 Spectral Weapon          Hex/Chrm       #.......     32%         3    ##.....


Dungeon Overview and Level Annotations

Branches:
Dungeon (6/15)
 Temple: D:4-7

Altars:
Kikubaaqudgha
Makhleb
Vehumet
Wu Jian
Yredelemnul
Zin
The Shining One


Innate Abilities, Weirdness & Mutations

You are resistant to torment.
Your stone body is resilient. (AC +6)
You are immune to poison.
You resist negative energy. (rN+)
You are resistant to electric shocks. (rElec)
You can survive without breathing.
You are immune to petrification.
You are immune to rotting.


Message History

The blast of sand hits the orc warrior but does no damage.
The orc warrior is severely wounded.
b - 73 stones The orc warrior barely misses you.
Casting: Sandblast (safe; 1% risk of failure)
Confirm with . or Enter, or press ? or * to list all spells.
Aiming: Sandblast (safe; 1% risk of failure)
Press: ? - help, Shift-Dir - straight line, f/p - orc warrior
Aim: an orc warrior, wielding a -3 flail and wearing a cursed +0 plate armour (severely wounded)
The blast of sand hits the orc warrior but does no damage.
The orc warrior is severely wounded.
b - 72 stones The orc warrior hits you with a cursed -3 flail.
* * * LOW HITPOINT WARNING * * *
All of the chunks of flesh in your inventory have rotted away.
You feel very mighty all of a sudden.
You hit the orc warrior but do no damage.
The orc warrior is severely wounded.
The orc warrior hits you with a cursed -3 flail!
You die...

##...###...##.#.......#..
#...###...##.###'#...#..
#...#............+...'..
#...#............#...#..
#...#............#...###
#...#............#....
#...##...#########.....
#...##.).# ####...
#...')o@.# .+# #..)##.†.#
#...##...# #....#....+
#....#....# #....#....#
#...>#....# ##..###..##


You could see an orc warrior.

Vanquished Creatures
  Pikel (D:5)
  Grinder (D:6)
  Prince Ribbit (D:6)
  Eustachio (D:6)
  A slave (D:5)
  2 necrophages
  A phantom (D:4)
  4 ogres
  A centaur (D:5)
  2 bullfrogs (D:6)
  2 scorpions
  A howler monkey (D:4)
  A crimson imp (D:6)
  A hound (D:4)
  6 orc priests
  3 bullfrog skeletons
  Jessica (D:2)
  A centaur skeleton (D:4)
  An iguana (D:2)
  Ijyb (D:3)
  3 orc wizards
  2 worker ants
  A hound skeleton (D:6)
  8 adders
  A shadow imp (D:5)
  2 oozes
  An adder skeleton (D:4)
  A worm (D:4)
  A dart slug (D:1)
  3 leopard geckos
  12 orcs
  6 bats
  5 giant cockroaches
  4 goblins
  3 hobgoblins
  16 jackals
  A quokka (D:4)
  A ball python skeleton (D:4)
  9 frilled lizards
  4 kobolds
  5 rats (D:2)
122 creatures vanquished.

Notes
Turn   | Place    | Note
-------+----------+-------------------------------------------
     0 | D:1      | DearestLeader the Gargoyle Earth Elementalist began the
                  | quest for the Orb.
     0 | D:1      | Reached XP level 1. HP: 10/10 MP: 3/3
     0 | D:1      | Noticed a gargoyle
     0 | D:1      | Noticed an octopode
     0 | D:1      | Noticed a spriggan
     3 | D:1      | Noticed a spriggan
     5 | D:1      | Noticed a vampire
     8 | D:1      | Noticed an octopode
    10 | D:1      | Noticed a vine stalker
    12 | D:1      | Noticed a vampire
    12 | D:1      | Noticed a human
    13 | D:1      | Noticed a dwarf
    14 | D:1      | Noticed a human
    14 | D:1      | Noticed a draconian
    16 | D:1      | Noticed a formicid
    18 | D:1      | Noticed a naga
    18 | D:1      | Noticed an octopode
    55 | D:1      | Noticed a gargoyle
   581 | D:1      | Reached skill level 4 in Earth Magic
   812 | D:1      | Reached XP level 2. HP: 11/15 MP: 5/5
  1309 | D:2      | Reached skill level 5 in Earth Magic
  1309 | D:2      | Reached XP level 3. HP: 19/19 MP: 1/6
  1825 | D:2      | Reached XP level 4. HP: 18/24 MP: 7/7
  1947 | D:2      | Reached skill level 6 in Earth Magic
  2002 | D:2      | Noticed Jessica
  2005 | D:2      | Killed Jessica
  2193 | D:2      | Found an ancient bone altar of Kikubaaqudgha.
  2346 | D:3      | Reached XP level 5. HP: 17/28 MP: 5/8
  2351 | D:3      | Reached skill level 7 in Earth Magic
  2950 | D:3      | Learned a level 2 spell: Passwall
  2954 | D:3      | Learned a level 3 spell: Stone Arrow
  3324 | D:3      | Reached skill level 1 in Conjurations
  3324 | D:3      | Reached XP level 6. HP: 32/32 MP: 6/9
  3329 | D:3      | Learned a level 3 spell: Mephitic Cloud
  3366 | D:3      | Reached skill level 8 in Earth Magic
  3718 | D:3      | Noticed Ijyb
  3721 | D:3      | Paralysed by Ijyb for 7 turns
  3735 | D:3      | Killed Ijyb
  4213 | D:4      | Reached skill level 1 in Poison Magic
  4268 | D:4      | Noticed a phantom
  4287 | D:4      | Killed a phantom
  4287 | D:4      | Reached XP level 7. HP: 32/36 MP: 1/10
  5001 | D:4      | Found a glowing silver altar of Zin.
  5180 | D:4      | Found a radiant altar of Vehumet.
  5248 | D:5      | Entered Level 5 of the Dungeon
  5414 | D:5      | Reached skill level 5 in Conjurations
  5414 | D:5      | Reached XP level 8. HP: 41/41 MP: 7/11
  5561 | D:5      | Reached skill level 9 in Earth Magic
  6107 | D:5      | You fall into a shaft and drop 1 floor!
  6112 | D:6      | Noticed Eustachio
  6139 | D:6      | Killed Eustachio
  6408 | D:4      | Found an ornate altar of the Wu Jian Council.
  6412 | D:4      | Became a worshipper of Vehumet
  6745 | D:5      | Noticed Pikel
  6751 | D:5      | Killed Pikel
  6751 | D:5      | Reached XP level 9. HP: 45/45 MP: 1/16
  6758 | D:5      | Learned a level 5 spell: Lee's Rapid Deconstruction
  6910 | D:6      | Found a burning altar of Makhleb.
  6949 | D:6      | Found a basalt altar of Yredelemnul.
  7095 | D:6      | Reached skill level 5 in Spellcasting
  7183 | D:6      | Found a glowing golden altar of the Shining One.
  7216 | D:6      | Noticed Grinder
  7216 | D:6      | Noticed Prince Ribbit
  7219 | D:6      | Killed Prince Ribbit
  7219 | D:6      | Reached skill level 10 in Earth Magic
  7223 | D:6      | Killed Grinder
  7448 | D:6      | Slain by an orc warrior

Illustrated notes

Levels and vault maps discovered:
D:1:      shiori_arrival_whats_in_store_for_you, layout_basic
D:2:      layout_rooms, kiku_gazebo_garden_becter, first_ration, uniq_jessica
D:3:      layout_basic, serial_curves, eino_curves_01, eino_curves_02,
          hangedman_abyss_or_decor_lesser_grid, uniq_ijyb
D:4:      layout_loops_ring, nicolae_overflow_hidden_temple, serial_glass,
          glass_columns_c, glass_columns_a, glass_columns_c, glass_columns_a,
          glass_columns_a, glass_columns_a
D:5:      layout_loops_corners, uniq_pikel
D:6:      layout_gridville, grunt_temple_overflow_holy_war, basic_altar,
          minivault_25, minivault_11, nicolae_qazlal_eye_of_the_storm,
          uniq_grinder, uniq_prince_ribbit1, uniq_eustachio

Skill      XL: |  1  2  3  4  5  6  7  8  9 |
---------------+----------------------------+-----
Earth Magic    | 4 5 6 7 8 9 10 | 10.5
Conjurations   | 1 3 5 7 8 |  8.0
Poison Magic   | 1 2 |  2.1
Spellcasting   | 4 5 |  5.4
Dodging        | |  1.5
Stealth        | |  2.1
Transmutations | |  0.7

Action                   |  1- 3 |  4- 6 |  7- 9 || total
-------------------------+-------+-------+-------++-------
Melee: Dagger            |   111 |   163 |   200 ||   474
       Unarmed           |    13 |       |       ||    13
       Whip              |       |       |    50 ||    50
 Cast: Sandblast         |     7 |    48 |    43 ||    98
       Mephitic Cloud    |       |       |     7 ||     7
       Stone Arrow       |       |       |    19 ||    19
  Use: Scroll            |       |       |     6 ||     6
       Potion            |       |       |     3 ||     3
 Stab: Sleeping          |     3 |     3 |     2 ||     8
       Confused          |       |       |     3 ||     3
  Eat: Chunk             |     3 |     9 |    12 ||    24
Armor: Robe              |    41 |    78 |   119 ||   238
Dodge: Dodged            |    87 |   126 |   165 ||   378
Block: Other             |       |       |    42 ||    42
